 Dungeon Crawl Stone Soup version 0.21-a0-471-gd587bd5 (webtiles) character file.

777 kae the Ruffian (level 7, 0/58 HPs)
             Began as a Black Draconian Transmuter on Nov 21, 2017.
             Succumbed to a gnoll's poison
             ... on level 4 of the Dungeon.
             The game lasted 00:06:03 (6440 turns).

kae the Ruffian (Black Draconian Transmuter)        Turns: 6440, Time: 00:06:04

Health: 0/58       AC:  6    Str: 12 (13) XL:     7   Next: 54%
Magic:  11/12      EV: 15    Int: 14      God:
Gold:   221        SH:  0    Dex: 12      Spells: 7/13 levels left

rFire    + . .     SeeInvis .   p - +2 short sword (drain)
rCold    x . .     Gourm    .   (no shield)
rNeg     . . .     Faith    .   (armour unavailable)
rPois    .         Spirit   .   (helmet restricted)
rElec    +         Reflect  .   (no cloak)
rCorr    .         Harm     .   (no gloves)
MR       .....                  (no boots)
Stlth    +.........             e - amulet of magic regeneration
HPRegen  0.19/turn              m - ring of fire
MPRegen  0.13/turn              f - +3 ring of evasion

@: lethally poisoned (0 -> -17)
A: breathe lightning, unfitting armour, electricity resistance, cold-blooded, AC
+6
a: Breathe Lightning


You were on level 4 of the Dungeon.
You were not hungry.

You visited 1 branch of the dungeon, and saw 4 of its levels.

You collected 221 gold pieces.

Inventory:

Hand Weapons
 p - a +2 short sword of draining (weapon)
Missiles
 a - 21 arrows
Jewellery
 e - an amulet of magic regeneration (around neck)
 f - a +3 ring of evasion (right hand)
 m - a ring of fire (left hand)
Scrolls
 l - 4 scrolls of identify
 r - a scroll of remove curse
Potions
 i - a potion of flight
 q - a potion of might
Books
 b - a book of Changes

   Spells                             Type                      Level
   a - Beastly Appendage              Transmutation                1
   b - Sticks to Snakes               Transmutation                2
   c - Spider Form                    Transmutation/Poison         3
   d - Ice Form                       Ice/Transmutation            4
   e - Blade Hands                    Transmutation                5
Comestibles
 c - 4 bread rations
 d - 3 royal jellies
 h - 2 meat rations
 j - 3 fruits


   Skills:
 + Level 3.7 Fighting
 - Level 1.7 Dodging
 * Level 5.7 Unarmed Combat
 + Level 3.6 Spellcasting
 * Level 5.2 Transmutations


You had 7 spell levels left.
You knew the following spells:

 Your Spells              Type           Power        Failure   Level  Hunger
a - Beastly Appendage     Tmut           ###...       2%          1    None
b - Sticks to Snakes      Tmut           ###.....     3%          2    ##.....
c - Spider Form           Tmut/Pois      #.........   21%         3    ###....


Dungeon Overview and Level Annotations

Branches:
Dungeon (4/15)             Temple (0/1) D:4

Altars:
Trog

Annotations:
D:3 anet's ghost, amateur GrWz
D:4 Grinder


Innate Abilities, Weirdness & Mutations

You can breathe wild blasts of lightning.
Your glossy black scales are hard. (AC +6)
You cannot fit into any form of body armour.
You are resistant to electric shocks. (rElec)
You are cold-blooded and may be slowed by cold attacks.


Message History

There is a lethal amount of poison in your body!
There is a lethal amount of poison in your body!
There is a lethal amount of poison in your body!
There is a lethal amount of poison in your body!
* * * LOW HITPOINT WARNING * * *
You feel sick.
Okay, then.
You aren't carrying any items that you can evoke.
Unknown command.
Okay, then.
Unknown command.
Unknown command.
Put on which piece of jewellery? (? for menu, Esc to quit)
f - a +3 ring of evasion (right hand)
* * * LOW HITPOINT WARNING * * *
You feel sick.
Put on which piece of jewellery? (? for menu, Esc to quit)
You sense that the amulet cannot attune itself to your exhausted body.
e - an amulet of magic regeneration (around neck)
You die...

#.# #.#.#.####
#######.#####.#......#
#...5...[.....###.##.####
#.#####.#####.....##.....
#.# #........####
###############.##.#
...............##.#
#..#..#..#..#..###.####
#.....@................
#>..............#######
#...............#
#..#..#..#..#...# #.
.............# #
###############


There were no monsters in sight!

Vanquished Creatures
  Menkaure (D:4)
  A hound (D:4)
  A jelly (D:4)
  3 orc priests
  4 orc wizards
  A centaur skeleton (D:4)
  2 worker ants (D:4)
  Natasha (twice) (D:4)
  Robin (D:3)
  9 gnolls
  3 adders
  An ooze (D:1)
  An adder skeleton (D:4)
  3 worms
  2 dart slugs
  2 leopard geckos
  11 orcs
  6 bats
  2 giant cockroaches (D:1)
  15 goblins
  8 hobgoblins
  13 jackals
  2 quokkas
  4 frilled lizards
  A jackal skeleton (D:2)
  8 kobolds
  11 rats
118 creatures vanquished.

Vanquished Creatures (collateral kills)
  An orc wizard (D:2)
  A worm (D:2)
  A jackal (D:2)
3 creatures vanquished.

Grand Total: 121 creatures vanquished

Notes
Turn   | Place    | Note
-------+----------+-------------------------------------------
     0 | D:1      | kae the Draconian Transmuter began the quest for the Orb.
     0 | D:1      | Reached XP level 1. HP: 16/16 MP: 3/3
   294 | D:1      | Reached XP level 2. HP: 19/23 MP: 5/5
   683 | D:1      | Reached XP level 3. HP: 27/28 MP: 4/6
   687 | D:1      | Learned a level 2 spell: Sticks to Snakes
   691 | D:1      | Learned a level 3 spell: Spider Form
  2088 | D:2      | Reached XP level 4. HP: 29/36 MP: 3/7
  2585 | D:3      | Noticed anet's ghost (amateur GrWz)
  2998 | D:3      | Reached XP level 5. HP: 35/42 MP: 4/9
  4564 | D:3      | Reached XP level 6. HP: 31/50 MP: 7/10
  4832 | D:3      | Found a bloodstained altar of Trog.
  4832 | D:3      | Noticed Robin
  4860 | D:3      | Killed Robin
  5416 | D:4      | Noticed Natasha
  5436 | D:4      | Killed Natasha
  5480 | D:4      | HP: 1/51 [gnoll/halberd (9)]
  5872 | D:4      | Noticed Natasha
  5873 | D:4      | Noticed Menkaure
  5879 | D:4      | Killed Natasha
  5879 | D:4      | Reached skill level 5 in Unarmed Combat
  5884 | D:4      | Killed Menkaure
  5884 | D:4      | Your scales start taking on a glossy black colour.
  5884 | D:4      | Reached XP level 7. HP: 48/57 MP: 8/12
  5884 | D:4      | Gained mutation: You are resistant to electric shocks. (rElec) [Black Draconian growth]
  6008 | D:4      | Reached skill level 5 in Transmutations
  6406 | D:4      | Noticed Grinder
  6423 | D:4      | Paralysed by Grinder for 5 turns
  6437 | D:4      | Found a staircase to the Ecumenical Temple.
  6438 | D:4      | HP: 2/58 [poisoned by a gnoll]
  6440 | D:4      | Succumbed to a gnoll's poison

Vault maps used:
D:1:      noname_arrival_rooms_in_the_neighbourhood, serial_forest,
          infiniplex_forest_zigzag_1, infiniplex_forest_clump_double,
          infiniplex_forest_fountain, infiniplex_forest_end_2,
          infiniplex_forest_lined_ring, infiniplex_forest_end_3,
          infiniplex_forest_lined_3_way, infiniplex_forest_side_room,
          infiniplex_forest_lined_corner
D:2:      minmay_wonky_spiral
D:3:      lightli_temple_of_fire, uniq_robin
D:4:      lemuel_castle_with_subvaults, temple_hall, first_bread, uniq_natasha,
          uniq_menkaure, uniq_grinder

Skill      XL: |  1  2  3  4  5  6  7 |
---------------+----------------------+-----
Fighting       | 2 3 |  3.7
Transmutations | 3 4 5 |  5.2
Unarmed Combat | 4 5 |  5.7
Spellcasting   | 3 |  3.6
Dodging        | |  1.7

Action                   |  1- 3 |  4- 6 |  7- 9 || total
-------------------------+-------+-------+-------++-------
Melee: Unarmed           |    96 |    89 |     4 ||   189
       Tailslap          |    11 |     9 |     6 ||    26
       Headbutt          |     6 |       |       ||     6
       Punch             |     2 |     2 |     1 ||     5
       Hand axe          |    41 |       |       ||    41
       Short sword       |       |   102 |    75 ||   177
 Cast: Beastly Appendage |     9 |       |       ||     9
       Sticks to Snakes  |     6 |     4 |       ||    10
       Spider Form       |     1 |     9 |     1 ||    11
  Use: Scroll            |     1 |     7 |     1 ||     9
       Potion            |       |     5 |     1 ||     6
 Stab: Sleeping          |     1 |       |       ||     1
  Eat: Chunk             |     2 |    12 |     3 ||    17
       Royal jelly       |     1 |       |       ||     1
       Fruit             |       |     1 |       ||     1
Armor: Skin              |    45 |    73 |    52 ||   170
Dodge: Dodged            |    90 |   171 |    33 ||   294

Table legend:
 A = Spawn XP
 B = Non-spawn XP
 C = Spawn XP percentage of total XP
 D = Spawn monster count
 E = Non-spawn monster count
 F = Spawn count percentage of total count
 G = Total turns spent on level
                    A         B        C        D         E        F      G
               +---------+---------+-------+---------+---------+-------+---------
         Total |       0 |    1111 |   0.0 |       0 |     121 |   0.0 |  6440
               +---------+---------+-------+---------+---------+-------+---------
           D:1 |       0 |      47 |   0.0 |       0 |      26 |   0.0 |  1502
           D:2 |       0 |     185 |   0.0 |       0 |      31 |   0.0 |  2795
           D:3 |       0 |     234 |   0.0 |       0 |      39 |   0.0 |  1318
           D:4 |       0 |     645 |   0.0 |       0 |      25 |   0.0 |   825
               +---------+---------+-------+---------+---------+-------+---------
